[Event "Early-Titled-Tuesday-Blitz-October-24-2023"]
[Site "Chess.com"]
[Date "2023.10.24"]
[Round "7"]
[White "Dewarfd"]
[Black "Road2GM3000"]
[Result "1-0"]
[WhiteElo "2181"]
[BlackElo "2377"]
[TimeControl "180+1"]
[EndTime "9:13:11 PDT"]
[Termination "Dewarfd won by checkmate"]

1. d4 d5 2. e3 c6 3. Nf3 Nf6 4. Bd3 Bg4 5. h3 Bh5 6. g4 Bg6 7. Ne5 Nbd7 8. Nxg6 hxg6 9. c4 e6 10. Nc3 Bb4 11. a3 Bxc3+ 12. bxc3 Ne4 13. cxd5 Nxc3 14. Qb3 Nxd5 15. Qxb7 Rc8 16. Qxa7 N7f6 17. Be2 Nc3 18. Bf3 e5 19. Qc5 Ncd5 20. dxe5 Nd7 21. Qd6 Qg5 22.
Rb1 Qxe5 23. Qxe5+ Nxe5 24. Be2 Nc3 25. Rb7 Nxe2 26. Kxe2 Nxg4 27. Rd1 Ne5 28. Bb2 Nc4 29. Bxg7 Rh7 30. Bf6 Nxa3 31. Rdd7 Nc4 32. Rbc7 Ra8 33.
Ra7 Rxa7 34. Rd8# 1-0

[Event "Early-Titled-Tuesday-Blitz-October-24-2023"]
[Site "Chess.com"]
[Date "2023.10.24"]
[Round "7"]
[White "AndresDelgado77"]
[Black "Alina_Gumerovna"]
[Result "0-1"]
[WhiteElo "2340"]
[BlackElo "2110"]
[TimeControl "180+1"]
[EndTime "9:13:12 PDT"]
[Termination "Alina_Gumerovna won on time"]

1. e4 e6 2. d4 d5 3. e5 c5 4. c3 Qb6 5. Nf3 Nc6 6. Bd3 cxd4 7. O-O Bd7 8. a3 a5 9. Kh1 h6 10. cxd4 Nge7 11. Nc3 Nxd4 12. Be3 Nec6 13. Nb5 Bc5 14. b4 axb4 15. axb4 Rxa1 16. Qxa1 Nxb4 17. Qa8+ Qd8 18.
Qxd8+ Kxd8 19. Nfxd4 Nxd3 20. Rd1 Bxd4 21. Nxd4 Nxe5 22.
Ra1 Ke7 0-1

[Event "Early-Titled-Tuesday-Blitz-October-24-2023"]
[Site "Chess.com"]
[Date "2023.10.24"]
[Round "7"]
[White "DarZay"]
[Black "Chessbard1972"]
[Result "1-0"]
[WhiteElo "2267"]
[BlackElo "2344"]
[TimeControl "180+1"]
[EndTime "9:13:18 PDT"]
[Termination "DarZay won by checkmate"]

1. e4 c5 2. Nf3 a6 3. d4 cxd4 4. Nxd4 e6 5. Nc3 Nc6 6. Be3 Qc7 7. Be2 Nf6 8. O-O Bb4 9. Na4 Nxe4 10. Nb6 Rb8 11.
Nxc6 Qxc6 12. Qd4 Be7 13. Qxg7 Bf6 14. Qh6 d5 15. f3 Bg5 16. Bxg5 Qxb6+ 17. Be3 d4 18.
fxe4 dxe3 19. Rad1 Ra8 20. Rxf7 Qxb2 21. Bh5 e2 22.
Rxh7# 1-0

[Event "Early-Titled-Tuesday-Blitz-October-24-2023"]
[Site "Chess.com"]
[Date "2023.10.24"]
[Round "7"]
[White "OLDTERMINATOR"]
[Black "Apocalyps999"]
[Result "0-1"]
[WhiteElo "1703"]
[BlackElo "2292"]
[TimeControl "180+1"]
[EndTime "9:13:18 PDT"]
[Termination "Apocalyps999 won on time"]

1. e4 e5 2. Nf3 Nc6 3. Bc4 Nf6 4. Ng5 d5 5. exd5 Na5 6. Bb5+ c6 7. dxc6 bxc6 8. Be2 h6 9. Nf3 Bd6 10. d3 O-O 11.
Nc3 Nd5 12. Bd2 f5 13. O-O Nb7 14. Re1 Qf6 15. Bf1 Be6 16. a3 Rfe8 17. Nxd5 cxd5 18. c4 d4 19. b4 a5 20. c5 Bc7 21. c6 Nd8 22. b5 Bd5 23. Nxd4 Nf7 0-1

[Event "Early-Titled-Tuesday-Blitz-October-24-2023"]
[Site "Chess.com"]
[Date "2023.10.24"]
[Round "7"]
[White "wonderfultime"]
[Black "Doomfist26"]
[Result "0-1"]
[WhiteElo "2969"]
[BlackElo "2653"]
[TimeControl "180+1"]
[EndTime "9:13:23 PDT"]
[Termination "Doomfist26 won by resignation"]

1. d4 Nf6 2. c4 g6 3. Nf3 Bg7 4. g3 c5 5. Bg2 cxd4 6. Nxd4 h5 7.
h3 O-O 8. O-O d6 9. Nc3 Nc6 10.
Nc2 Be6 11. Ne3 Rc8 12. Bd2 a6 13. Rc1 Qd7 14. Kh2 b5 15. Ncd5 Bxd5 16. cxd5 Ne5 17.
b3 Qa7 18. Ba5 Bh6 19. Bd2 Qd4 20.
f4 h4 21. Nc2 Neg4+ 22. hxg4 Nxg4+ 23. Kh3 Nf2+ 24. Rxf2 Qxf2 25. Be1 Qg1 26. e3 hxg3 27. Qe2 Qh2+ 28. Kg4 Qh5+ 0-1

[Event "Early-Titled-Tuesday-Blitz-October-24-2023"]
[Site "Chess.com"]
[Date "2023.10.24"]
[Round "7"]
[White "GatoRojo150"]
[Black "Rodalquilar"]
[Result "1/2-1/2"]
[WhiteElo "2598"]
[BlackElo "2743"]
[TimeControl "180+1"]
[EndTime "9:13:25 PDT"]
[Termination "Game drawn by repetition"]

1. e4 d5 2. exd5 Qxd5 3. Nc3 Qa5 4. d4 Nf6 5. Nf3 Bf5 6. Ne5 c6 7. g4 Be6 8. Bc4 Nxg4 9. Bxe6 Nxe5 10. Bc8 Qc7 11. Bxb7 Qxb7 12. dxe5 e6 13. Rg1 Nd7 14. Qe2 O-O-O 15. Bd2 g6 16. O-O-O Be7 17. f4 Nb6 18.
Ne4 Rd4 19. Bc3 Rxd1+ 20. Rxd1 Nd5 21. Nd6+ Bxd6 22. exd6 Rd8 23. Qe5 Qd7 24. Qg7 Qxd6 25. Be5 Qc5 26. Qxf7 Qe3+ 27. Rd2 Qg1+ 28. Rd1 Qe3+ 29.
Rd2 Qg1+ 30. Rd1 Qe3+ 1/2-1/2

[Event "Early-Titled-Tuesday-Blitz-October-24-2023"]
[Site "Chess.com"]
[Date "2023.10.24"]
[Round "7"]
[White "JuniorJumper"]
[Black "JimDiGrease"]
[Result "0-1"]
[WhiteElo "2617"]
[BlackElo "2872"]
[TimeControl "180+1"]
[EndTime "9:13:26 PDT"]
[Termination "JimDiGrease won by resignation"]

1. d4 d5 2. c4 e6 3. Nc3 c6 4. e4 Bb4 5. cxd5 exd5 6. exd5 Qxd5 7. Nf3 Nf6 8. Bd3 O-O 9. O-O Qh5 10. a3 Bd6 11.
Ne4 Nxe4 12. Bxe4 Nd7 13. h3 Nf6 14. Bc2 h6 15. Ne5 Qxd1 16. Rxd1 Be6 17. Bf4 Rad8 18. Rd2 Nd5 19. Bg3 Nb6 20. Rad1 Rfe8 21. Bb1 Bb3 22. Bc2 Bxc2 23. Rxc2 Bxe5 24. Bxe5 Rxe5 25. Kf1 Red5 26.
Rcd2 Nc4 0-1

[Event "Early-Titled-Tuesday-Blitz-October-24-2023"]
[Site "Chess.com"]
[Date "2023.10.24"]
[Round "7"]
[White "Actuary44"]
[Black "GAusal"]
[Result "0-1"]
[WhiteElo "2477"]
[BlackElo "2303"]
[TimeControl "180+1"]
[EndTime "9:13:29 PDT"]
[Termination "GAusal won by resignation"]

1. e4 e5 2. Nf3 Nc6 3. Bb5 f5 4. d3 fxe4 5. dxe4 Nf6 6. Nc3 Bb4 7. Qd3 Bxc3+ 8. Qxc3 Nxe4 9. Qe3 d5 10. Nxe5 O-O 11. Nxc6 bxc6 12. Bxc6 Ba6 13. Bxa8 Rxf2 14.
Bc6 Rxc2 15. Ba4 Rxg2 16. h4 Re2+ 17. Qxe2 Bxe2 18. Bf4 Bg4 19. Bb3 c6 20. O-O Qxh4 21. Rae1 g5 22. Bh2 Bh3 23. Rf3 Qg4+ 0-1

[Event "Early-Titled-Tuesday-Blitz-October-24-2023"]
[Site "Chess.com"]
[Date "2023.10.24"]
[Round "7"]
[White "IriBu"]
[Black "Kostukov_Alex"]
[Result "1-0"]
[WhiteElo "2590"]
[BlackElo "2418"]
[TimeControl "180+1"]
[EndTime "9:13:33 PDT"]
[Termination "IriBu won by resignation"]

1. e4 c5 2. Nf3 g6 3. c3 Bg7 4. d4 cxd4 5. cxd4 d5 6. e5 Nc6 7. Bb5 Bg4 8. Bxc6+ bxc6 9. O-O Nh6 10. Nbd2 O-O 11. h3 Bxf3 12. Nxf3 Nf5 13. Bg5 f6 14.
Bf4 Qb6 15. b3 g5 16. Bh2 h5 17. Qd3 fxe5 18. Bxe5 Bxe5 19. dxe5 g4 20. hxg4 hxg4 21. Ng5 Qd4 22. Qxd4 Nxd4 23. Kh2 Rf5 24. f4 gxf3 25. Nxf3 Nxf3+ 26. Rxf3 Rxe5 27. Rc1 Re6 28. Rg3+ Kh7 29. Rh3+ Kg7 30. Rcc3 Rg6 31. Rhe3 Kf7 32. Rf3+ Ke6 33. Rxc6+ 1-0

[Event "Early-Titled-Tuesday-Blitz-October-24-2023"]
[Site "Chess.com"]
[Date "2023.10.24"]
[Round "7"]
[White "gueraumasague"]
[Black "Nick12772"]
[Result "1-0"]
[WhiteElo "2496"]
[BlackElo "2370"]
[TimeControl "180+1"]
[EndTime "9:13:33 PDT"]
[Termination "gueraumasague won by resignation"]

1. e4 e6 2. Nc3 d5 3. Qe2 dxe4 4. Nxe4 Nd7 5. Nf3 Ngf6 6. Nxf6+ Nxf6 7. g3 b6 8. Bg2 Bb7 9. O-O Be7 10. Qb5+ Qd7 11. a4 O-O 12. Ne5 Qxb5 13. axb5 Bxg2 14. Kxg2 Nd5 15. d4 a5 16. bxa6 Nb4 17. a7 Nxc2 18. Ra4 b5 19. Ra5 Nxd4 20. Be3 Bc5 21. Nd7 Bb6 22.
Ra6 Rfd8 23. Nxb6 cxb6 24. Rd1 e5 25. Rc1 h6 26. Rc7 Ne6 27. Rb7 Nc5 28. Bxc5 bxc5 29. Rab6 Kh7 30. Rb8 Rxa7 31. Rxd8 b4 32. Rd5 Ra2 33.
Rxc5 Rxb2 34. Rxe5 1-0

[Event "Early-Titled-Tuesday-Blitz-October-24-2023"]
[Site "Chess.com"]
[Date "2023.10.24"]
[Round "7"]
[White "dimitrisl"]
[Black "UK_23"]
[Result "1-0"]
[WhiteElo "2564"]
[BlackElo "2404"]
[TimeControl "180+1"]
[EndTime "9:13:34 PDT"]
[Termination "dimitrisl won by resignation"]

1. e4 e5 2. Nf3 Nc6 3. Bc4 Nf6 4. d3 Be7 5. c3 O-O 6. Bb3 d5 7. Nbd2 Re8 8. Qe2 a5 9. a4 h6 10. O-O Bf8 11. Re1 Be6 12. Bc2 Qd7 13. Nf1 Rad8 14.
Ng3 g6 15. h3 Bg7 16. Nh2 Kh7 17. Qf3 dxe4 18. dxe4 Qe7 19. Be3 Bc4 20. Rad1 Rxd1 21. Rxd1 Rd8 22. Ng4 Nxg4 23. hxg4 Rxd1+ 24. Qxd1 Qd8 25. f3 Bf8 26. Nf1 Qxd1 27. Bxd1 Be7 28. Nd2 Be6 29. Bb3 Bxb3 30. Nxb3 b6 31. Kf2 Bg5 32.
Bxg5 hxg5 33. Ke2 Kg7 34. Kd3 Kf6 35. Kc4 Ke6 36. Kb5 Kd6 37. Nd2 f6 38. Nc4+ Kd7 39. Ne3 Ne7 40. b4 axb4 41. cxb4 Kc8 42. a5 Kb7 43.
Kc4 bxa5 44. bxa5 Ka6 45. Nd5 Nc6 46. Nxc7+ Kxa5 47. Kc5 Nd4 48. Nd5 Ne2 49. Kd6 Kb5 50. Ke6 Kc5 51. Kxf6 Kd6 52. Kxg5 1-0

[Event "Early-Titled-Tuesday-Blitz-October-24-2023"]
[Site "Chess.com"]
[Date "2023.10.24"]
[Round "7"]
[White "BardArtem"]
[Black "Mr_Lion22"]
[Result "1-0"]
[WhiteElo "2684"]
[BlackElo "2484"]
[TimeControl "180+1"]
[EndTime "9:13:37 PDT"]
[Termination "BardArtem won by resignation"]

1. e4 c5 2. c3 d6 3. d4 Nf6 4. Bd3 cxd4 5. cxd4 Nc6 6. Nf3 g6 7. d5 Ne5 8. Nxe5 dxe5 9. Nc3 e6 10.
Bb5+ Bd7 11. dxe6 fxe6 12. Qb3 Kf7 13. O-O Bxb5 14. Qxb5 Qc7 15. Bg5 Bc5 16. Bxf6 Kxf6 17. Rac1 Qb6 18. Qd3 Bd4 19. Kh1 Rac8 20. f4 Kg7 21. f5 Qxb2 22. f6+ Kf7 23. Rb1 Qxc3 24. Rxb7+ Kf8 25. Qb5 Rd8 26. Rf7+ 1-0

[Event "Early-Titled-Tuesday-Blitz-October-24-2023"]
[Site "Chess.com"]
[Date "2023.10.24"]
[Round "7"]
[White "Larina_Maria"]
[Black "dapsay"]
[Result "0-1"]
[WhiteElo "2234"]
[BlackElo "2407"]
[TimeControl "180+1"]
[EndTime "9:13:37 PDT"]
[Termination "dapsay won by checkmate"]

1. e4 c5 2. Nc3 Nc6 3. g3 g6 4. Bg2 Bg7 5. d3 d6 6. Be3 Rb8 7.
Qd2 Bd7 8. Nge2 b5 9. O-O b4 10.
Nd1 h5 11. h3 Nf6 12. Bg5 a5 13. c3 Qb6 14. Ne3 Be6 15. f4 Nh7 16. Nd5 Bxd5 17. exd5 Nd8 18. f5 Nxg5 19. Qxg5 Bh6 20. Qh4 Be3+ 21. Kh2 g5 22. Qe4 Bd2 23. Rad1 bxc3 24.
bxc3 Qb2 25. f6 e6 26. dxe6 Nxe6 27. Rb1 Qxb1 28. Rxb1 Rxb1 29. Qa8+ Kd7 30. Qxh8 h4 31. gxh4 Re1 32. Ng1 Bf4+ 33. Kh1 Be3 34. Qg8 Rxg1+ 35. Kh2 Nd8 36. Qf8 Re1 37. Qe7+ Kc8 38. Qa7 Bf4# 0-1

[Event "Early-Titled-Tuesday-Blitz-October-24-2023"]
[Site "Chess.com"]
[Date "2023.10.24"]
[Round "7"]
[White "YairParkhov"]
[Black "lluiss"]
[Result "1-0"]
[WhiteElo "2656"]
[BlackElo "2210"]
[TimeControl "180+1"]
[EndTime "9:13:37 PDT"]
[Termination "YairParkhov won by resignation"]

1. d4 Nf6 2. c4 g6 3. g3 c6 4. Bg2 d5 5. Qa4 dxc4 6. Qxc4 Be6 7. Qd3 Bg7 8. Nc3 Na6 9. Bxc6+ bxc6 10. Qxa6 O-O 11.
Nf3 Nd5 12. O-O c5 13. dxc5 Nxc3 14. bxc3 Qc7 15. Be3 Bd5 16. Rfd1 e6 17. Bd4 Rfd8 18. Rac1 Rab8 19. Qa3 Qc6 20. Bxg7 Kxg7 21. Nd4 Qa8 22. c4 Bb7 23. Qc3 e5 24. Nb5 f6 25. Nc7 1-0

[Event "Early-Titled-Tuesday-Blitz-October-24-2023"]
[Site "Chess.com"]
[Date "2023.10.24"]
[Round "7"]
[White "Sokoloco"]
[Black "seopie"]
[Result "1-0"]
[WhiteElo "2755"]
[BlackElo "2904"]
[TimeControl "180+1"]
[EndTime "9:13:38 PDT"]
[Termination "Sokoloco won by resignation"]

1. b3 b6 2. Bb2 Bb7 3. e3 Nf6 4. Nf3 e6 5. d4 d5 6. Nbd2 Nbd7 7.
Bd3 Bd6 8. Ne5 c5 9. f4 O-O 10. Qf3 Qc7 11. c3 Be7 12. O-O Ne8 13. Qh3 Ndf6 14. f5 exf5 15. Rxf5 Ne4 16. Nxe4 dxe4 17. Bc4 Nd6 18. Rh5 h6 19. Rf1 Nxc4 20. bxc4 Bd6 21. Ng4 Bc8 22. Rxh6 gxh6 23. Qxh6 Bxg4 24. Qg5+ Kh7 25. Qh4+ Kg8 26. Qxg4+ Kh8 27. Rf5 1-0

[Event "Early-Titled-Tuesday-Blitz-October-24-2023"]
[Site "Chess.com"]
[Date "2023.10.24"]
[Round "7"]
[White "Ranindu2003"]
[Black "LiemLe"]
[Result "0-1"]
[WhiteElo "2806"]
[BlackElo "2972"]
[TimeControl "180+1"]
[EndTime "9:13:38 PDT"]
[Termination "LiemLe won by resignation"]

1. d4 Nf6 2. c4 e6 3. Nf3 d5 4.
g3 Bb4+ 5. Bd2 a5 6. Bg2 O-O 7. Qc2 Be7 8. O-O Nbd7 9. Bc3 dxc4 10. a4 Nd5 11. e4 Nb4 12. Qe2 b6 13. Na3 Ba6 14.
Nxc4 Rc8 15. Rfd1 Re8 16. b3 c5 17. dxc5 Bxc5 18. Nfe5 Rc7 19. Qg4 f6 20. Nxd7 Rxd7 21.
Rxd7 Qxd7 22. Bxf6 Bxc4 23. bxc4 Nd3 24. Rd1 Nxf2 25.
Rxd7 Nxg4+ 26. Bd4 Ne5 0-1

[Event "Early-Titled-Tuesday-Blitz-October-24-2023"]
[Site "Chess.com"]
[Date "2023.10.24"]
[Round "7"]
[White "Adnan_Habib"]
[Black "AnaKuchava"]
[Result "1-0"]
[WhiteElo "2332"]
[BlackElo "2225"]
[TimeControl "180+1"]
[EndTime "9:13:39 PDT"]
[Termination "Adnan_Habib won by checkmate"]

1. d4 d5 2. Bf4 c5 3. e3 cxd4 4. exd4 Nc6 5. c3 Bf5 6. Nf3 e6 7. Bd3 Bxd3 8. Qxd3 Nf6 9. Nbd2 Bd6 10. Bg3 O-O 11.
Ne5 Qc7 12. f4 Nd7 13. Qe3 Rae8 14. Nd3 f6 15. O-O Kh8 16. Rae1 Re7 17. Qf3 Rfe8 18.
Re2 Nb6 19. Rfe1 Nc4 20. Nxc4 dxc4 21. Nf2 Qa5 22. Ne4 Bb8 23. Nc5 Nd8 24. Qg4 f5 25. Qh5 b6 26. Nxe6 Rxe6 27. Qxe8+ Rxe8 28. Rxe8# 1-0

[Event "Early-Titled-Tuesday-Blitz-October-24-2023"]
[Site "Chess.com"]
[Date "2023.10.24"]
[Round "7"]
[White "EvgenyBurmakin"]
[Black "Ural_bogatyr"]
[Result "1-0"]
[WhiteElo "2360"]
[BlackElo "2535"]
[TimeControl "180+1"]
[EndTime "9:13:42 PDT"]
[Termination "EvgenyBurmakin won by resignation"]

1. e4 e5 2. Nf3 Nc6 3. Bb5 a6 4. Ba4 Bc5 5. c3 Nge7 6. O-O Ba7 7. h3 Ng6 8. d4 O-O 9. d5 Nce7 10. c4 d6 11. Be3 f5 12. exf5 Nxf5 13. Bxa7 Rxa7 14.
Nc3 Nf4 15. Ne2 Nh4 16. Nxf4 Rxf4 17. Nxh4 Rxh4 18. f4 Ra8 19. fxe5 dxe5 20. Qf3 Rf4 21. Qg3 Qf6 22. Bb3 Bd7 23. c5 Rf8 24. Rxf4 exf4 25.
Qd3 Qxb2 26. d6+ Kh8 27. Rb1 Qe5 28. Qd5 Qe3+ 29. Kh1 Bc6 30. Qg5 f3 31. Qxe3 fxg2+ 32.
Kg1 1-0

[Event "Early-Titled-Tuesday-Blitz-October-24-2023"]
[Site "Chess.com"]
[Date "2023.10.24"]
[Round "7"]
[White "vasblesk"]
[Black "balachess2006"]
[Result "1-0"]
[WhiteElo "2773"]
[BlackElo "2575"]
[TimeControl "180+1"]
[EndTime "9:13:43 PDT"]
[Termination "vasblesk won by checkmate"]

1. d4 Nf6 2. c4 g6 3. g3 Bg7 4.
Bg2 O-O 5. Nf3 c6 6. O-O d5 7. cxd5 cxd5 8. Ne5 e6 9. Nc3 Nfd7 10. f4 Nc6 11. Kh1 f6 12. Nf3 f5 13. Ne5 Nf6 14. Be3 Ne4 15. Nxe4 Nxe5 16. dxe5 fxe4 17. Qb3 Bd7 18.
Rfd1 Qe8 19. Qxb7 Rb8 20. Qxa7 Rxb2 21. Rd2 Rxd2 22. Bxd2 g5 23. e3 Bb5 24. Qb6 Be2 25.
Kg1 Kh8 26. Rc1 Qh5 27. Qxe6 gxf4 28. exf4 d4 29. Bxe4 Rg8 30. Bd5 Rf8 31. Rc8 Bb5 32.
Qg8+ Rxg8 33. Rxg8# 1-0

[Event "Early-Titled-Tuesday-Blitz-October-24-2023"]
[Site "Chess.com"]
[Date "2023.10.24"]
[Round "7"]
[White "chessfatbear"]
[Black "gau248"]
[Result "1-0"]
[WhiteElo "2809"]
[BlackElo "2596"]
[TimeControl "180+1"]
[EndTime "9:13:44 PDT"]
[Termination "chessfatbear won by resignation"]

1. Nf3 d5 2. g3 Nf6 3. Bg2 b5 4.
O-O e6 5. d3 Bb7 6. Nbd2 Be7 7.
b3 O-O 8. Bb2 c5 9. a4 a6 10. e3 Nbd7 11. Qe2 h6 12. Ne5 Nxe5 13. Bxe5 Nd7 14. Bb2 Bf6 15. Bxf6 Nxf6 16. c4 b4 17. Rac1 Rc8 18. d4 Qe7 19. cxd5 Nxd5 20. Bxd5 Bxd5 21. Qxa6 cxd4 22. Rxc8 dxe3 23. Rxf8+ Qxf8 24. fxe3 Qc5 25. Qd3 f5 26. Qd4 Qc2 27. e4 fxe4 28. Qe3 h5 29. a5 h4 30. gxh4 Qa2 31. Nc4 Qc2 32. a6 Bxc4 33. bxc4 Qxc4 34. a7 Qa6 35. h5 e5 36.
Qf2 e3 37. Qf7+ Kh8 38. Qe8+ Kh7 39. Qg6+ Kg8 1-0

[Event "Early-Titled-Tuesday-Blitz-October-24-2023"]
[Site "Chess.com"]
[Date "2023.10.24"]
[Round "7"]
[White "SlavenPastar"]
[Black "VOneChess"]
[Result "1-0"]
[WhiteElo "2608"]
[BlackElo "2298"]
[TimeControl "180+1"]
[EndTime "9:13:44 PDT"]
[Termination "SlavenPastar won by resignation"]

1. b3 e5 2. Bb2 Nc6 3. Nf3 e4 4. Nd4 Bc5 5. Nxc6 bxc6 6. Bxg7 Qh4 7. e3 d5 8. Bxh8 Ne7 9. Bd4 Bd6 10. g3 Qg5 11. c4 c5 12. Bb2 Nf5 13. cxd5 h5 14. Nc3 Nxg3 15. hxg3 Qxg3 16. Nxe4 Qg6 17. Nxd6+ Qxd6 18. Bb5+ Bd7 19. Bxd7+ Qxd7 20. Bf6 Qd6 21. Qxh5 Qxf6 22.
Qh8+ Ke7 23. Qxf6+ Kxf6 24. f4 Rd8 25. Rh5 Ke7 26. Ke2 Rg8 27. Kf2 Rg6 28. Rg1 Ra6 29. a4 c4 30. a5 Rxa5 31. d6+ 1-0

[Event "Early-Titled-Tuesday-Blitz-October-24-2023"]
[Site "Chess.com"]
[Date "2023.10.24"]
[Round "7"]
[White "slorovel"]
[Black "jk13"]
[Result "0-1"]
[WhiteElo "2465"]
[BlackElo "2670"]
[TimeControl "180+1"]
[EndTime "9:13:46 PDT"]
[Termination "jk13 won on time"]

1. e4 e5 2. Nf3 Nc6 3. Bb5 a6 4. Ba4 Nf6 5. O-O b5 6. Bb3 Bc5 7. Re1 O-O 8. a4 Rb8 9. c3 d6 10. d4 Bb6 11. axb5 axb5 12. Qd3 Bd7 13. Bg5 h6 14.
Bh4 g5 15. Nxg5 hxg5 16. Bxg5 Kg7 17. Qg3 Nh5 18. Qh4 f6 19. Bc1 Rh8 20. Re3 exd4 21. Rf3 Ne5 22. cxd4 Nxf3+ 23. gxf3 Bxd4 24. Nc3 f5 25. Bg5 Bf6 26. f4 Bxg5 27. fxg5 Kg6 28. exf5+ Bxf5 29. Nd5 Qxg5+ 30. Qxg5+ Kxg5 31. Kh1 Be4+ 0-1

[Event "Early-Titled-Tuesday-Blitz-October-24-2023"]
[Site "Chess.com"]
[Date "2023.10.24"]
[Round "7"]
[White "Malikova777"]
[Black "SargissyanSargis"]
[Result "1/2-1/2"]
[WhiteElo "2251"]
[BlackElo "2402"]
[TimeControl "180+1"]
[EndTime "9:13:48 PDT"]
[Termination "Game drawn by agreement"]

1. d4 Nf6 2. c4 g6 3. Nc3 d5 4. cxd5 Nxd5 5. Bd2 Bg7 6. e4 Nb6 7. Be3 O-O 8. h3 Nc6 9. Nf3 e5 10. d5 Ne7 11. a4 a5 12. Bb5 Bd7 13. O-O Bxb5 14. Nxb5 Nc4 15. Qc1 Nxe3 16. Qxe3 c6 17. dxc6 Nxc6 18. Rfd1 Qe7 19. Rac1 Rfd8 20. Qb6 Bh6 21.
Rb1 Bf8 22. Nc7 Rab8 23. Nd5 Qd6 24. Rbc1 Kg7 25. Ne3 Nd4 26. Qxd6 Nxf3+ 27. gxf3 Bxd6 28. Rd5 Bb4 29. Rcd1 Rxd5 30. Rxd5 Rc8 31. Rxe5 Rc1+ 32. Kg2 Rb1 33. Rb5 Rxb2 34. Nd5 Ra2 35. Nxb4 axb4 36. Rxb4 h5 1/2-1/2

[Event "Early-Titled-Tuesday-Blitz-October-24-2023"]
[Site "Chess.com"]
[Date "2023.10.24"]
[Round "7"]
[White "DTChess"]
[Black "JG-17"]
[Result "0-1"]
[WhiteElo "2660"]
[BlackElo "2490"]
[TimeControl "180+1"]
[EndTime "9:13:51 PDT"]
[Termination "JG-17 won by resignation"]

1. e4 c5 2. Nf3 d6 3. Nc3 Nf6 4. d4 cxd4 5. Nxd4 g6 6. Bc4 Nc6 7. Bb3 Bg7 8. Nxc6 bxc6 9. f3 O-O 10. Be3 Ba6 11. Qd2 Nd7 12. h4 h5 13. O-O-O Ne5 14. Bh6 Qa5 15. Bxg7 Kxg7 16. f4 Ng4 17. Kb1 Rab8 18.
e5 dxe5 19. fxe5 Qxe5 20. Rde1 Qd6 21. Qg5 f6 22. Qa5 Bc8 23. Ne4 Qd4 24. Rhf1 Ne3 25. Rf4 Nxg2 26. Rff1 Nxe1 27. Rxe1 Rb5 28. Qc7 Re5 29. c3 Qb6 30. Qxb6 axb6 0-1

[Event "Early-Titled-Tuesday-Blitz-October-24-2023"]
[Site "Chess.com"]
[Date "2023.10.24"]
[Round "7"]
[White "Zhigalko_Sergei"]
[Black "Yeremyan_ChessMate"]
[Result "1-0"]
[WhiteElo "2961"]
[BlackElo "2785"]
[TimeControl "180+1"]
[EndTime "9:13:52 PDT"]
[Termination "Zhigalko_Sergei won by resignation"]

1. e4 c5 2. Nf3 Nc6 3. c3 Nf6 4. e5 Nd5 5. Bc4 Nb6 6. Bb3 d5 7. exd6 Qxd6 8. O-O g6 9. Na3 Bg7 10. d4 cxd4 11. Nb5 Qd8 12. Nbxd4 Nxd4 13. Nxd4 O-O 14. Bg5 Qc7 15. Re1 e5 16. Nb5 Qc5 17. a4 h6 18.
Be3 Qc6 19. Qd6 Kh7 20. Qxc6 bxc6 21. Nxa7 Nd5 22. Bc5 Rd8 23. Nxc6 Rd7 24. Nxe5 Bxe5 25. Rxe5 Rb8 26. Bxd5 1-0

[Event "Early-Titled-Tuesday-Blitz-October-24-2023"]
[Site "Chess.com"]
[Date "2023.10.24"]
[Round "7"]
[White "SharapovEvgeny"]
[Black "ATM622"]
[Result "1-0"]
[WhiteElo "2620"]
[BlackElo "2427"]
[TimeControl "180+1"]
[EndTime "9:13:53 PDT"]
[Termination "SharapovEvgeny won by resignation"]

1. e4 c6 2. d4 d5 3. e5 Bf5 4. Be3 e6 5. c4 h5 6. Nc3 Qa5 7. a3 Nd7 8. b4 Qc7 9. c5 b5 10. f4 a5 11. Nf3 Nh6 12. h3 Be7 13.
Be2 O-O 14. O-O Bg6 15. Bf2 Qd8 16. Qd2 f6 17. Na2 a4 18. Nc1 Be4 19. Nd3 f5 20.
Qe1 Qe8 21. Bh4 Bxh4 22. Qxh4 g6 23. Kf2 Qd8 24. Ng5 Nf7 25. Ke1 Nxg5 26. fxg5 Bxd3 27.
Bxd3 Kg7 28. Kd2 Rf7 29. g4 Qh8 30. gxf5 gxf5 31. g6 Qh6+ 32. Kc2 Kxg6 33. Rg1+ Kh7 34. Rg5 Rg7 35. Rxh5 Rg2+ 36. Kc3 Rg6 37. Rxh6+ Rxh6 38. Qe7+ 1-0

[Event "Early-Titled-Tuesday-Blitz-October-24-2023"]
[Site "Chess.com"]
[Date "2023.10.24"]
[Round "7"]
[White "lamomiajunior"]
[Black "Payyappat"]
[Result "1-0"]
[WhiteElo "2670"]
[BlackElo "2519"]
[TimeControl "180+1"]
[EndTime "9:13:58 PDT"]
[Termination "lamomiajunior won by resignation"]

1. d4 Nf6 2. c4 c5 3. d5 e6 4. Nc3 exd5 5. cxd5 d6 6. e4 g6 7. f4 Bg7 8. Bb5+ Nfd7 9. a4 O-O 10.
Nf3 Na6 11. O-O Nb4 12. h3 a6 13. Bc4 f5 14. e5 dxe5 15. Re1 e4 16. Ng5 Nb6 17.
Qe2 Kh8 18. Be3 Qd6 19. a5 Nxc4 20. Qxc4 Bd7 21. Bxc5 Rac8 22. Bxd6 Rxc4 23. Bxf8 Bxf8 24. Nf7+ Kg8 25. Ne5 Rc7 26. Red1 Bd6 27. Rac1 Kf8 28. Nxe4 Bxe5 29. fxe5 Rxc1 30. Rxc1 fxe4 31. Rc7 Ke8 32. e6 Bxe6 33. dxe6 e3 34. Kf1 Nd3 35. Ke2 1-0

[Event "Early-Titled-Tuesday-Blitz-October-24-2023"]
[Site "Chess.com"]
[Date "2023.10.24"]
[Round "7"]
[White "Fonsofan"]
[Black "masterofpuppets2"]
[Result "1-0"]
[WhiteElo "2737"]
[BlackElo "2547"]
[TimeControl "180+1"]
[EndTime "9:14:04 PDT"]
[Termination "Fonsofan won by resignation"]

1. Nf3 Nf6 2. g3 g6 3. c4 Bg7 4. Nc3 O-O 5. Bg2 d6 6. O-O Nc6 7.
Rb1 a5 8. a3 e5 9. b4 axb4 10.
axb4 Bf5 11. d3 e4 12. Nh4 exd3 13. Nxf5 dxe2 14. Nxe2 gxf5 15. Nf4 Ne5 16. Qc2 Qd7 17. Bxb7 c6 18. Bxa8 Rxa8 19. Bb2 Ne4 20. f3 Ng5 21.
Kg2 Ra2 22. Qb3 Qa7 23. Ra1 Rxa1 24. Rxa1 Qb7 25. Qa4 Ngxf3 26. Qa8+ Qxa8 27. Rxa8+ Bf8 28. Bxe5 Nxe5 29. b5 cxb5 30. cxb5 Nd7 31. Nd5 Kg7 32. b6 Nc5 33. Ra7 1-0

[Event "Early-Titled-Tuesday-Blitz-October-24-2023"]
[Site "Chess.com"]
[Date "2023.10.24"]
[Round "7"]
[White "Casper"]
[Black "DanielTitichoca"]
[Result "0-1"]
[WhiteElo "2458"]
[BlackElo "2631"]
[TimeControl "180+1"]
[EndTime "9:14:05 PDT"]
[Termination "DanielTitichoca won on time"]

1. e4 c5 2. d4 cxd4 3. Qxd4 Nc6 4. Qe3 g6 5. Nc3 Bg7 6. Bd2 d6 7. O-O-O a6 8. Nd5 Nf6 9. Bc3 O-O 10. Nxf6+ exf6 11. Qg3 Be6 12. Rxd6 Qc7 13. Nf3 b5 14. Kb1 b4 15. Bd2 Ne5 16. Bxb4 Rab8 17. Nxe5 Rxb4 18. Nd3 Rxe4 19. Rxa6 Qb7 20. Qd6 f5 21. Qb6 Bxa2+ 22. Ka1 Qxb6 23. Rxb6 Ra8 24. c3 Rea4 0-1

[Event "Early-Titled-Tuesday-Blitz-October-24-2023"]
[Site "Chess.com"]
[Date "2023.10.24"]
[Round "7"]
[White "GM_DarwinLaylo"]
[Black "WindWhistler11"]
[Result "1-0"]
[WhiteElo "2630"]
[BlackElo "2446"]
[TimeControl "180+1"]
[EndTime "9:14:07 PDT"]
[Termination "GM_DarwinLaylo won by resignation"]

1. c4 Nf6 2. Nc3 d6 3. g3 Nbd7 4. Bg2 e5 5. e4 Be7 6. Nge2 O-O 7. O-O c6 8. d3 a6 9. h3 b5 10. Be3 Re8 11. g4 Nf8 12. f4 exf4 13. Nxf4 Ng6 14.
Qd2 Ne5 15. b3 bxc4 16. dxc4 Qc7 17. Rad1 Be6 18. Nce2 a5 19. Nd4 Bd7 20. g5 Nxe4 21.
Bxe4 Bxg5 22. Qg2 h6 23. Rde1 a4 24. Nf5 axb3 25. axb3 Bxf5 26. Bxf5 Ra3 27. Nh5 Rxb3 28. Bxg5 hxg5 29. Bc2 f6 30. Bxb3 Qb6+ 31. Kh1 Qxb3 32. c5 d5 33. Rxf6 Qc3 34. Ref1 g4 35. hxg4 gxf6 36. Nxf6+ Kf7 37. Ne4+ 1-0